 Dungeon Crawl Stone Soup version 0.29.1-14-g9c671dbff4 (webtiles) character file.

Game seed: 16140296266141995174

1039240 112233 the Slayer (level 27, -2/214 (242) HPs)
             Began as a Demonspawn Air Elementalist on Feb 14, 2023.
             Was an Initiate of Gozag.
             Slain by an iron golem (25 damage)
             ... on level 2 of the Iron City of Dis on Feb 15, 2023.
             The game lasted 03:26:37 (104072 turns).

112233 the Slayer (Demonspawn Air Elementalist)   Turns: 104072, Time: 03:26:38

HP:   -2/214 (242)  AC:  0    Str:  6    XL:     27
MP:   0/69          EV: 33    Int: 53    God:    Gozag
Gold: 6287          SH: 21    Dex: 18    Spells: 14/74 levels left

rFire   + + +      SeeInvis .   d - +8 dagger of Contention {speed, rC+ MP+9 Int+5}
rCold   + + +      Faith    .   J - +2 shield of Resistance {rF++ rC++ Will++}
rNeg    . . .      Spirit   +   O - +1 robe of Vines {NoPotionHeal Regen++++}
rPois   .          Reflect  +   Z - +2 helmet {Int+3}
rElec   +          Harm     .   j - scarf {repulsion}
rCorr   .          Rampage  +   (gloves unavailable)
Will    +++++                   Y - +2 pair of boots {rampage}
Stlth   +++.......              D - amulet "Veps" {Reflect Rampage rElec Str-2 Int+9 SH+5}
HPRegen 3.65/turn               a - ring of Qaqucey Qoev {*Corrode Fly MP+9 Int+7 Dex+2}
MPRegen 0.82/turn               r - ring of the Hare {EV+8}

@: corroded, gold aura, flying, very slightly contaminated, studying Ranged
Weapons, heavily drained, repel missiles, unable to read
A: claws 3, demonic guardian 3, augmentation 3, magic shield, magic
regeneration, magic link, sharp scales 3, hooves 1, thin skeletal structure 1,
fire resistance 1, strong-willed 1, weak 1, inability to read after injury 1
}: 12/15 runes: barnacled, slimy, silver, obsidian, icy, abyssal, demonic,
glowing, magical, fiery, dark, gossamer
a: Renounce Religion, Potion Petition, Call Merchant, Bribe Branch


You were on level 2 of the Iron City of Dis.
You worshipped Gozag.
Gozag was greatly pleased with you.
You visited 16 branches of the dungeon, and saw 70 of its levels.
You visited Pandemonium 2 times, and saw 15 of its levels.
You visited the Abyss 1 time.
You also visited: Trove.

You collected 45744 gold pieces.
You spent 13695 gold pieces at shops.
You paid 25762 gold pieces to Gozag.

Inventory:

Hand Weapons
 d - the +8 dagger of Contention (weapon) {speed, rC+ MP+9 Int+5}
   (You found it on level 7 of the Dungeon)

   Attacks with this weapon are significantly faster.
   Int:       It affects your intelligence (+5).
   rC:        It protects you from cold.
   MP:        It affects your magic capacity (+9).
Missiles
 A - 8 throwing nets
Armour
 j - a scarf of repulsion (worn)
 J - the +2 shield of Resistance (worn) {rF++ rC++ Will++}
   (You bought it in a shop on level 2 of the Orcish Mines)

   rF:        It greatly protects you from fire.
   rC:        It greatly protects you from cold.
   Will:      It greatly increases your willpower.
 O - the +1 robe of Vines (worn) {NoPotionHeal Regen++++}
   (You found it on level 1 of the Lair of Beasts)

   Its wearer cannot be healed by potions.
   Regen:     It increases your rate of health regeneration.
 Y - a +2 pair of boots of rampaging (worn)
 Z - a +2 helmet of intelligence (worn)
Magical Staves
 u - a staff of air
Jewellery
 a - the ring of Qaqucey Qoev (left claw) {*Corrode Fly MP+9 Int+7 Dex+2}
   (You bought it in a shop on level 3 of the Lair of Beasts)

   [ring of flight]

   Int:       It affects your intelligence (+7).
   Dex:       It affects your dexterity (+2).
   MP:        It affects your magic capacity (+9).
   Fly:       It grants you flight.
   *Corrode:  It may corrode you when you take damage.
 f - the ring of Wuofaad {Fly rN+ MP+9 Stlth+}
   (You found it in a treasure trove)

   [ring of flight]

   rN:        It protects you from negative energy.
   MP:        It affects your magic capacity (+9).
   Fly:       It grants you flight.
   Stlth:     It makes you more stealthy.
 i - the ring "Vahoqaged" {Wiz Will+ Dex+4 SInv}
   (You found it on level 3 of the Spider Nest)

   [ring of wizardry]

   It improves your spell success rate.
   Dex:       It affects your dexterity (+4).
   SInv:      It lets you see invisible.
   Will:      It increases your willpower.
 k - a +4 ring of slaying
 l - the ring of Qiunu {rC++ Will+ Int+2}
   (You found it in a treasure trove)

   [ring of willpower]

   Int:       It affects your intelligence (+2).
   rC:        It greatly protects you from cold.
   Will:      It increases your willpower.
 r - the ring of the Hare (right claw) {EV+8}
   (You found it in a treasure trove)

   [ring of evasion]

   EV:        It affects your evasion (+8).
 y - the amulet of the Four Winds {rN+ Will+++ Clar}
   (You bought it in a shop on level 3 of the Depths)

   [amulet of nothing]

   rN:        It protects you from negative energy.
   Clar:      It protects you against confusion.
   Will:      It greatly increases your willpower.
 z - the amulet of the Air {Inacc Air Fly rElec RMsl}
   (You took it off a balrug on level 7 of Gehenna)

   [amulet of nothing]

   It reduces the accuracy of all your attacks.
   It enhances your air magic.
   rElec:     It insulates you from electricity.
   Fly:       It grants you flight.
   RMsl:      It protects you from missiles.
 D - the amulet "Veps" (around neck) {Reflect Rampage rElec Str-2 Int+9 SH+5}
   (You found it on level 10 of the Dungeon)

   [amulet of reflection]

   It reflects blocked missile attacks.
   Str:       It affects your strength (-2).
   Int:       It affects your intelligence (+9).
   rElec:     It insulates you from electricity.
   SH:        It affects your SH (+5).
   Rampage:   It bestows one free step when moving towards enemies.
 P - the ring "Tisogguakk" {Ice rCorr Dex+4 Slay+2}
   (You took it off an efreet in Pandemonium)

   [ring of ice]

   It enhances your ice magic.
   Dex:       It affects your dexterity (+4).
   Slay:      It affects your accuracy & damage with ranged weapons and melee
   (+2).
   rF:        It makes you vulnerable to fire.
   rC:        It protects you from cold.
   rCorr:     It protects you from acid and corrosion.
Wands
 B - a wand of digging (17)
 C - a wand of mindburst (9)
 G - a wand of quicksilver (40)
 Q - a wand of roots (37)
 R - a wand of paralysis (10)
Scrolls
 b - 21 scrolls of teleportation
 e - 6 scrolls of amnesia
 o - 5 scrolls of vulnerability
 q - a scroll of blinking
 t - 3 scrolls of silence
 H - 13 scrolls of fog
 L - 3 scrolls of summoning
 N - 9 scrolls of magic mapping
 U - 6 scrolls of fear
 W - 2 scrolls of torment
Potions
 c - 5 potions of magic
 h - 8 potions of brilliance
 p - 8 potions of ambrosia
 s - 38 potions of curing
 v - 12 potions of might
 w - 7 potions of haste
 I - 6 potions of invisibility
 K - a potion of berserk rage
 M - 4 potions of heal wounds
 S - 9 potions of resistance
 X - 6 potions of cancellation
Miscellaneous
 g - a box of beasts
 m - the horn of Geryon
 n - a condenser vane (inert)
 x - a phantom mirror (inert)
 E - a tin of tremorstones (1/2)
 F - a phial of floods
 T - a lightning rod (4/4)


   Skills:
 * Level 25.5 Fighting
 + Level 21.4 Dodging
 - Level 1.7 Stealth
 + Level 14.6 Shields
 + Level 19.1 Unarmed Combat
 * Level 24.4 Spellcasting
 - Level 1.0 Conjurations
 + Level 5.8 Necromancy
 - Level 11.3 Translocations
 - Level 19.1 Transmutations
 - Level 17.5 Air Magic
 - Level 14.5 Evocations


You had 14 spell levels left.
You knew the following spells:

 Your Spells              Type           Power      Damage    Failure   Level
a - Storm Form            Tmut/Air       65%        N/A       1%          7
b - Wereblood             Tmut           100%       N/A       0%          2
c - Manifold Assault      Tloc           100%       N/A       1%          5
d - Apportation           Tloc           100%       N/A       0%          1
e - Statue Form           Tmut/Erth      70%        N/A       1%          6
f - Silence               Hex/Air        51%        N/A       1%          5
g - Blink                 Tloc           100%       N/A       0%          2
h - Necromutation         Tmut/Necr      57%        N/A       12%         8
i - Passwall              Tmut/Erth      87%        N/A       0%          2
j - Maxwell's Capacitive  Air            64%        ∞         1%          8
l - Conjure Ball Lightni  Conj/Air       52%        3x3d18    1%          6
m - Borgnjor's Revivific  Necr           45%        N/A       87%         8

Your spell library contained the following spells:

 Spells                   Type           Power      Damage    Failure   Level
 Beastly Appendage        Tmut           100%       N/A       0%          1
 Shock                    Conj/Air       100%       1d9       0%          1
 Sting                    Tmut/Pois      100%       1d8       0%          1
 Poisonous Vapours        Pois/Air       100%       N/A       0%          2
 Static Discharge         Conj/Air       100%       3-16/arc  0%          2
 Gell's Gravitas          Tloc           100%       N/A       0%          3
 Swiftness                Air            100%       N/A       0%          3
 Teleport Other           Tloc           100%       N/A       0%          3
 Airstrike                Air            64%        2d(10-26) 0%          4
 Blade Hands              Tmut           66%        N/A       0%          5
 Freeze                   Ice            100%       1d11      1%          1
 Magic Dart               Conj           100%       1d8       1%          1
 Necrotise                Necr           100%       1d9       1%          1
 Sandblast                Erth           100%       2d20      1%          1
 Slow                     Hex            100%       N/A       1%          1
 Summon Small Mammal      Summ           100%       N/A       1%          1
 Call Imp                 Summ           59%        N/A       1%          2
 Ensorcelled Hibernation  Hex/Ice        100%       N/A       1%          2
 Scorch                   Fire           100%       2d10      1%          2
 Searing Ray              Conj           100%       2d8       1%          2
 Sublimation of Blood     Necr           91%        N/A       1%          2
 Call Canine Familiar     Summ           59%        N/A       1%          3
 Confusing Touch          Hex            59%        N/A       1%          3
 Conjure Flame            Conj/Fire      63%        6-21      1%          3
 Dazzling Flash           Conj/Hex       100%       N/A       1%          3
 Frozen Ramparts          Ice            100%       1d16      1%          3
 Ignite Poison            Fire/Tmut/Pois 93%        N/A       1%          3
 Inner Flame              Hex/Fire       59%        N/A       1%          3
 Mephitic Cloud           Conj/Pois/Air  92%        N/A       1%          3
 Ozocubu's Armour         Ice            59%        N/A       1%          3
 Portal Projectile        Hex/Tloc       100%       N/A       1%          3
 Spider Form              Tmut/Pois      100%       N/A       1%          3
 Stone Arrow              Conj/Erth      100%       3d13      1%          3
 Summon Guardian Golem    Hex/Summ       59%        N/A       1%          3
 Tukima's Dance           Hex            59%        N/A       1%          3
 Vampiric Draining        Necr           91%        2d12      1%          3
 Anguish                  Hex/Necr       38%        N/A       1%          4
 Dispel Undead            Necr           91%        3d29      1%          4
 Passage of Golubria      Tloc           100%       N/A       1%          4
 Petrify                  Tmut/Erth      100%       N/A       1%          4
 Summon Lightning Spire   Summ/Air       100%       N/A       1%          4
 Agony                    Necr           91%        N/A       1%          5
 Irradiate                Conj/Tmut      53%        3d29      1%          5
 Lightning Bolt           Conj/Air       52%        1d73      1%          5
 Summon Forest            Summ/Tloc      45%        N/A       1%          5
 Yara's Violent Unravell  Hex/Tmut       52%        3d20      1%          5
 Dispersal                Tloc           55%        N/A       1%          6
 Dragon Form              Tmut           66%        N/A       1%          7
 Flame Wave               Conj/Fire      63%        2d15      2%          4
 Fulminant Prism          Conj/Hex       31%        3d16      2%          4
 Hailstorm                Conj/Ice       63%        3d13      2%          4
 Sticky Flame             Conj/Fire      63%        2d8       2%          4
 Borgnjor's Vile Clutch   Necr/Erth      38%        N/A       2%          5
 Animate Armour           Summ/Erth      100%       N/A       3%          4
 Cause Fear               Hex            29%        N/A       3%          4
 Leda's Liquefaction      Hex/Erth       29%        N/A       3%          4
 Olgreb's Toxic Radiance  Pois           59%        N/A       3%          4
 Death Channel            Necr           45%        N/A       4%          6
 Iskenderun's Battlesphe  Conj           66%        2d12      5%          5
 Lee's Rapid Deconstruct  Erth           29%        3d16*     9%          5
 Metabolic Englaciation   Hex/Ice        29%        N/A       9%          5
 Summon Mana Viper        Hex/Summ       59%        N/A       9%          5
 Disjunction              Tloc           55%        N/A       19%         8
 Malign Gateway           Summ/Tloc      45%        N/A       24%         7
 Iron Shot                Conj/Erth      31%        9d6       36%         6
 Summon Cactus Giant      Summ           29%        N/A       41%         6
 Haunt                    Necr/Summ      38%        N/A       58%         7
 Spellforged Servitor     Conj/Summ      31%        N/A       90%         7
 Enfeeble                 Hex            29%        N/A       94%         7
 Ozocubu's Refrigeration  Ice            29%        4d14      94%         7
 Summon Hydra             Summ           29%        N/A       94%         7
 Discord                  Hex            29%        N/A       100%        8
 Ignition                 Fire           29%        3d9       100%        8
 Summon Horrible Things   Summ           29%        N/A       100%        8
 Death's Door             Necr           45%        N/A       100%        9
 Dragon's Call            Summ           29%        N/A       100%        9
 Animate Dead             Necr           Unusable   N/A       N/A         4
 Simulacrum               Ice/Necr       Unusable   N/A       N/A         6

Dungeon Overview and Level Annotations

Branches:
Dungeon (15/15)            Temple (1/1) D:7            Lair (5/5) D:11
 Shoals (4/4) Lair:3       Spider (4/4) Lair:3        Slime (5/5) Lair:5
    Orc (2/2) D:12            Elf (3/3) Orc:2        Vaults (5/5) D:13
  Crypt (3/3) Vaults:2       Tomb (0/3) Crypt:3      Depths (4/4) D:15
   Hell (visited)             Dis (2/7) Hell            Geh (7/7) Hell
    Coc (7/7) Hell            Tar (0/7) Hell            Zot (3/5) Depths:4

Altars:
Ashenzari
Cheibriados
Dithmenos
Fedhas
Gozag
Hepliaklqana
Kikubaaqudgha
Nemelex Xobeh
Okawaru
Qazlal
Ru
Sif Muna
Trog
Uskayaw
Vehumet
Wu Jian
Xom
Yredelemnul

Shops:
D:9 (   D:13 !   Orc:2 [!:?*   Elf:1 ?   Elf:2 ::([   Lair:3 [=*
Vaults:1 =([!   Vaults:2 [**[   Vaults:3 *:!   Vaults:5 *   Crypt:2 *!   Hell ?
Depths:2 *   Depths:3 :=:   Depths:4 [

Portals:
Hell: Depths:1 Depths:2 Depths:3 Depths:4
Abyss: Depths:3
Pandemonium: Depths:2 Depths:4
Ziggurat: Depths:1

Annotations:
D:1 2 transporters
D:2 1 runed translucent door, Crazy Yiuf
D:4 exclusion: 2 downstairs
D:6 exclusion: upstairs
D:7 exclusion: downstairs
D:10 2 transporters, Silencio's ghost, novice MiFi
D:12 exclusions: downstairs and upstairs
Shoals:1 1 runed translucent door, qdestroyer's ghost, journeyman MiFi
Spider:2 exclusion: 2 downstairs
Elf:2 3 runed translucent doors
Zot:1 4 transporters


Innate Abilities, Weirdness & Mutations

You have claws for hands.
A powerful demonic guardian rushes to your aid.
Your magical and physical power is greatly enhanced at high health.
When hurt, damage is shared between your health and your magic reserves.
You regenerate magic rapidly.
When low on magic, you restore magic in place of health.
You are completely covered in razor-sharp scales. (AC +3, Slay +3)
You have large cloven feet.
You have a somewhat thin skeletal structure. (Dex +2, Stealth+)
Your flesh is heat resistant. (rF+)
You are strong-willed. (Will+)
You are weak. (Str -2)
You occasionally lose the ability to read scrolls when taking damage.


Message History

The burst of rock shards engulfs the iron giant!
You kill the iron giant!
The burst of rock shards engulfs the iron dragon but does no damage.
The burst of rock shards engulfs the quicksilver elemental!!
You destroy the quicksilver elemental!
The burst of rock shards engulfs the quicksilver elemental!!
The burst of rock shards engulfs the iron golem but does no damage.
The burst of rock shards engulfs the Hell Sentinel but does no damage.
The burst of rock shards engulfs the ancient champion but does no damage.
The burst of rock shards engulfs the ancient champion!
The burst of rock shards engulfs the iron golem but does no damage.
The burst of rock shards engulfs the Hell Sentinel but does no damage.
The burst of rock shards engulfs you but does no damage.
The burst of rock shards engulfs the Tzitzimitl!
The burst of rock shards engulfs the shadow demon!!
The burst of rock shards engulfs the ancient champion but does no damage.
The burst of rock shards engulfs the tormentor.
The burst of rock shards engulfs the iron dragon but does no damage.
You revert to your normal fleshy form.
Your +2 pair of boots of rampaging unmelds from your body.
The +1 robe of Vines {NoPotionHeal Regen++++} unmelds from your body.
You feel ready to rampage towards enemies.
The vines latch onto your body!
You block the quicksilver elemental's attack.
You block the ancient champion's attack.
The quicksilver elemental completely misses you.
The Ice Fiend gestures at you.
The bolt of cold is repelled.
The ancient champion completely misses you.
The Tzitzimitl calls on the powers of darkness!
Your body is wracked with pain!
* * * LOW HITPOINT WARNING * * *
The iron dragon convulses!
The shadow demon gestures.
The Tzitzimitl gestures at you.
The bolt of negative energy hits the ancient champion.
The ancient champion completely resists.
The bolt of negative energy misses you. The iron golem completely misses you.
The iron golem hits you!!!
You die...
Your body crumbles into a pile of gold.

####### #......
##############.#....
#Ez@9zz1..§..E......
#.1zE1.r§9§.......''
#.19122D§○9∩$..C2.''
#...z..$.§§..D.z1.'+
#+##############r.1+
...9...§'+
.2.....$''
........''
>.$.....''


You could see 4 iron golems, 2 Hell Sentinels, an iron dragon (summoned), 2
Tzitzimimeh, an Ice Fiend, 2 quicksilver elementals, 5 ancient champions, a
crystal echidna, a shadow demon and a tormentor.

Vanquished Creatures
  Cerebov (Pan)
  Antaeus (Coc:7)
  Asmodeus (Geh:7)
  Gloorx Vloq (Pan)
  Ignacio (Pan)
  Lom Lobon (Pan)
  the Serpent of Hell (Geh:7)
  4 pandemonium lords (Pan)
  Mnoleg (Pan)
  4 dread liches
  Mennas (Pan)
  A juggernaut (Depths:2)
  Margery (Depths:3)
  11 shard shrikes
  Geryon (Hell)
  3 golden dragons
  A curse toe (Zot:2)
  3 bone dragons
  Jory (Vaults:2)
  17 Brimstone Fiends
  A shard shrike zombie (Crypt:1)
  Arachne (Spider:3)
  2 Tzitzimimeh (Pan)
  An iron giant (Dis:2)
  2 electric golems (Zot:2)
  14 tentacled monstrosities
  Jorgrun (Elf:1)
  14 hellephants
  6 liches
  23 searing wretches
  A walking earthen tome (Depths:2)
  12 Ice Fiends
  2 walking crystal tomes
  Asterion (Spider:4)
  15 titans
  2 deep elf blademasters (Elf:3)
  A Hell Sentinel (Abyss:1)
  12 tentacled starspawn
  34 Executioners
  Murray (Depths:4)
  Frances (Spider:2)
  A quicksilver dragon (Zot:2)
  10 ancient champions
  A kraken (Shoals:4)
  12 acid blobs
  5 sphinxes
  2 deep elf master archers (Elf:3)
  A death cob (Zot:2)
  8 shadow dragons
  13 storm dragons
  10 tengu reavers
  34 azure jellies
  10 rockslimes
  2 draconian monks
  2 daevas
  2 iron dragons
  17 fire giants
  6 demonspawn warmongers (Pan)
  3 emperor scorpions
  5 draconian knights
  23 narguns
  8 deep elf sorcerers
  14 frost giants
  19 vault wardens
  A quicksilver elemental (Dis:2)
  2 draconian scorchers (Zot:1)
  Louise (Depths:3)
  39 balrugs
  5 draconian shifters
  3 ghost moths
  4 curse skulls
  15 cacodemons
  8 shard shrike simulacra
  An orc warlord (Orc:2)
  7 demonspawn corrupters (Pan)
  4 broodmothers (Spider:4)
  4 deep elf elementalists (Elf:3)
  29 ironbound preservers
  2 draconian stormcallers
  A ghoul (Crypt:1)
  12 draconian annihilators
  13 war gargoyles
  7 quicksilver oozes
  7 demonspawn blood saints (Pan)
  4 demonspawn black suns (Pan)
  17 very ugly things
  8 ironbound thunderhulks
  18 stone giants
  8 deep elf demonologists
  7 green draconians
  8 vampire knights
  18 reapers
  19 elemental wellsprings
  8 lorocyprocas (Pan)
  37 starcursed masses
  13 deep elf annihilators
  7 red draconians
  11 black draconians
  8 white draconians
  7 yellow draconians
  7 entropy weavers
  13 wendigos
  6 purple draconians
  13 spark wasps
  7 dire elephants
  4 eidola
  13 blizzard demons
  8 deep elf death magi
  15 green deaths
  2 iron golems
  2 crystal guardians (Vaults:4)
  2 merfolk javelineers
  14 yaktaur captains
  10 ettins
  7 fire dragons
  6 jiangshi
  Josephine (D:12)
  9 merfolk impalers
  11 great orbs of eyes
  Erolcha (D:12)
  12 hydras
  Fannar (Lair:2)
  32 vault guards
  5 ice dragons
  3 salamander tyrants
  2 spriggan air magi
  8 boulder beetles
  7 deep elf high priests
  A spriggan zombie (Crypt:3)
  3 catoblepae
  10 rakshasas
  4 ogre magi
  2 peacekeepers
  17 centaur warriors
  A jorogumo (Spider:4)
  3 merfolk avatars
  2 hell beasts (Pan)
  3 stokers
  7 caustic shrike simulacra
  A fenstrider witch skeleton (Pan)
  An Orb Guardian zombie (Crypt:1)
  11 juggernaut simulacra
  5 spriggan skeletons
  5 merfolk aquamancers
  5 radroaches
  7 ironbound frosthearts
  2 alligator snapping turtles (Shoals:4)
  19 dancing weapons
  13 two-headed ogres
  A naga warrior (Abyss:4)
  2 satyrs
  4 tengu warriors
  2 death knights
  10 deep troll earth magi
  9 deep troll shamans
  4 vampire magi
  3 shock serpents (Pan)
  Urug (D:11)
  2 thrashing horrors
  A bennu skeleton (Crypt:2)
  6 spriggan berserkers
  103 sun demons
  17 hell hogs
  37 large abominations
  13 hell knights
  6 wretched stars
  Sonja (D:12)
  12 deep elf knights
  2 titan skeletons
  30 soul eaters
  Amaemon (Lair:2)
  A death drake (Abyss:4)
  3 sun moths
  12 iron trolls
  19 sixfirhies
  13 skeletal warriors
  3 pharaoh ants
  8 steelbarb worms
  7 shadow demons (Pan)
  9 sea snakes
  6 orb spiders
  A glowing orange brain (shapeshifter) (Abyss:1)
  2 bog bodies (Crypt:1)
  85 deep trolls
  11 shadow wraiths
  An anaconda zombie (Hell)
  6 quicksilver dragon simulacra
  4 glowing orange brains
  An orb spider (shapeshifter) (Vaults:5)
  12 flayed ghosts
  4 spriggan simulacra
  8 deep elf archers
  20 ironbound convokers
  9 necromancers
  19 phantasmal warriors
  3 orc knights
  8 spectral wolf spiders (Spider:4)
  A sphinx zombie (Vaults:4)
  13 wizards
  12 harpies
  A fenstrider witch simulacrum (Coc:1)
  8 orc sorcerers
  37 ugly things
  A wolf spider zombie (Spider:4)
  A shadow dragon skeleton (Pan)
  22 deep elf pyromancers
  22 deep elf zephyrmancers
  13 wolf spiders
  6 shining eyes
  2 stone giant zombies
  A moth of wrath (shapeshifter) (Vaults:5)
  2 oklob plants
  12 fauns
  5 cyclopes
  A human zombie (Vaults:2)
  3 iron dragon skeletons
  13 manticores
  2 human skeletons
  6 worldbinders (Abyss:1)
  3 rust devils (Pan)
  3 salamanders
  3 water nymphs (Shoals:4)
  5 merfolk sirens
  A centaur zombie (Crypt:2)
  6 titan simulacra
  18 moths of wrath
  A guardian serpent (Abyss:4)
  Joseph (D:8)
  3 ice statues (Coc:7)
  19 orange demons
  A water nymph (shapeshifter) (Elf:2)
  9 elephants
  16 vault sentinels
  3 apocalypse crabs
  5 molten gargoyles (Hell)
  5 gargoyles
  20 cane toads
  A black mamba (Lair:2)
  61 smoke demons
  A dire elephant zombie (Abyss:1)
  An eye of devastation (Slime:5)
  A minotaur zombie (Crypt:2)
  A naga skeleton (Abyss:1)
  A cane toad (shapeshifter) (D:15)
  3 kobold demonologists
  3 torpor snails (Spider:4)
  9 komodo dragons
  32 demonic crawlers
  A rime drake (Lair:2)
  3 centaur skeletons
  A shock serpent skeleton (Crypt:1)
  2 komodo dragons (shapeshifter)
  2 dire elephant skeletons
  7 unseen horrors
  38 hellwings
  24 tormentors
  23 hellions
  A bunyip simulacrum (Coc:1)
  6 tengu conjurers
  An alligator snapping turtle skeleton (Pan)
  2 ice devils (Pan)
  3 efreet
  17 freezing wraiths
  26 yaktaurs
  6 ancient zymes
  6 iron giant simulacra
  A sea snake skeleton (Hell)
  2 yaktaur skeletons (Vaults:2)
  10 trolls
  A polar bear (Lair:2)
  4 anaconda simulacra
  9 red devils
  3 golden dragon simulacra
  3 harpy zombies
  31 merfolk
  3 wolf spider simulacra (Spider:4)
  A yaktaur (shapeshifter) (Vaults:2)
  6 meliai
  A merfolk (shapeshifter) (Depths:3)
  19 blink frogs
  5 tyrant leeches (Lair:5)
  3 hydra zombies (Hell)
  9 catoblepas skeletons (Abyss:4)
  Prince Ribbit (D:9)
  An ettin zombie (Vaults:2)
  5 wind drakes
  A slime creature (shapeshifter) (D:13)
  A frost giant simulacrum (Vaults:4)
  A human simulacrum (Vaults:2)
  3 hydra skeletons
  28 tarantellas
  Grinder (D:5)
  13 raiju
  6 dream sheep
  100 slime creatures
  3 stone giant simulacra
  3 iron dragon simulacra
  6 harpy skeletons
  9 snapping turtles
  18 jumping spiders
  A guardian serpent zombie (Crypt:2)
  2 ettin skeletons
  An ice dragon skeleton (Pan)
  An alligator skeleton (Hell)
  A centaur simulacrum (Coc:2)
  3 air elementals
  10 culicivoras
  7 shadows
  A black mamba zombie (Hell)
  6 vampires
  A spriggan (Lair:4)
  18 wraiths
  23 yaks
  3 dire elephant simulacra
  5 wyverns
  36 ynoxinuls
  42 water elementals
  2 fire elementals (Elf:3)
  A fire bat (Abyss:1)
  6 golden eyes (Slime:5)
  7 basilisks
  16 small abominations
  3 alligator snapping turtle simulacra
  28 neqoxecs
  A black mamba skeleton (Crypt:3)
  9 vampire mosquitoes
  30 chaos spawn
  A yaktaur simulacrum (Vaults:2)
  17 harpy simulacra
  26 redbacks
  12 wargs
  5 hydra simulacra
  11 hell hounds
  2 acid dragons
  16 water moccasins
  A floating eye (shapeshifter) (Depths:3)
  A floating eye (Depths:3)
  A demonspawn skeleton (Crypt:1)
  22 orc warriors
  A merfolk skeleton (Crypt:2)
  2 black bears
  2 sky beasts
  An ice beast (D:7)
  4 ettin simulacra
  15 wolves
  2 boggarts (Elf:1)
  12 ogres
  11 centaurs
  A snapping turtle skeleton (Crypt:2)
  2 kobold brigands
  A phantom (D:6)
  An elf simulacrum (Vaults:2)
  12 bullfrogs
  14 earth elementals
  6 naga simulacra
  A gnoll sergeant (D:10)
  2 scorpions
  A cyclops zombie (Crypt:1)
  A necrophage (Crypt:1)
  A water moccasin zombie (Crypt:2)
  10 wights
  A shapeshifter zombie (Crypt:1)
  18 killer bees
  3 swamp dragon simulacra (Coc:1)
  5 electric eels
  8 howler monkeys
  3 crimson imps
  7 quasits
  A basilisk zombie (Crypt:2)
  8 hounds
  2 jellies
  8 orc priests
  A bullfrog skeleton (Crypt:2)
  A gnoll bouda (D:5)
  5 iron imps
  47 orc wizards
  An iguana (D:4)
  A deep dwarf skeleton (Crypt:2)
  8 gnolls
  A howler monkey skeleton (Crypt:2)
  3 adders
  A shadow imp (Abyss:1)
  3 white imps
  4 ufetubi
  4 worms
  2 dart slugs (D:3)
  93 orcs
  5 ball pythons
  6 endoplasms
  6 giant cockroaches
  5 hobgoblins
  6 jackals
  12 kobolds
  A quokka (D:4)
  A river rat zombie (Crypt:1)
  8 bats
  A butterfly zombie (Crypt:1)
  3 frilled lizards
  6 goblins
  A hobgoblin skeleton (Crypt:1)
  9 rats
  12 ball lightnings (Pan)
  3 bushes
  5 creeping infernos
  24 fire vortices
  2 lurking horrors (Abyss:2)
  7 starspawn tentacles
  3 tentacles (Shoals:4)
3406 creatures vanquished.

Vanquished Creatures (collateral kills)
  the Royal Jelly (Slime:5)
  Xtahua (Crypt:1)
  A pandemonium lord (Pan)
  A Brimstone Fiend (Geh:6)
  A profane servitor (Abyss:1)
  A Tzitzimitl (Pan)
  A tentacled monstrosity (Pan)
  Rupert (D:13)
  A searing wretch (Geh:7)
  A titan (Pan)
  An acid blob (Slime:4)
  A quicksilver dragon (Zot:1)
  Donald (Shoals:1)
  An azure jelly (Slime:4)
  A revenant (Crypt:1)
  4 rockslimes (Slime:5)
  2 fire giants
  A quicksilver elemental (Dis:2)
  2 balrugs (Pan)
  3 frost giants
  A draconian scorcher (Zot:2)
  4 quicksilver oozes (Slime:5)
  A stone giant (Depths:3)
  A war gargoyle (Vaults:1)
  4 ironbound preservers
  6 very ugly things
  A broodmother (Spider:4)
  A quicksilver ooze (shapeshifter) (Depths:3)
  An ironbound thunderhulk (Vaults:2)
  A deep elf annihilator (Vaults:4)
  A wendigo (Coc:7)
  A deep elf death mage (Vaults:4)
  A green death (Pan)
  2 merfolk impalers
  A yaktaur captain (Vaults:5)
  A great orb of eyes (Vaults:3)
  A boulder beetle (Lair:3)
  A peacekeeper (Vaults:1)
  A jorogumo (Spider:1)
  3 hydras
  An ironbound frostheart (Vaults:3)
  A radroach (Spider:1)
  A centaur warrior (Vaults:1)
  A merfolk aquamancer (Shoals:4)
  A deep troll shaman (Depths:2)
  3 hell hogs
  A vampire mage (Depths:3)
  A starcursed mass (Abyss:2)
  A hell knight (Crypt:3)
  4 sun demons (Pan)
  An iron troll (Depths:4)
  3 skeletal warriors (D:13)
  2 pharaoh ants (Spider:4)
  A salamander mystic (Depths:1)
  A sea snake (Shoals:4)
  8 deep trolls
  A steelbarb worm (Spider:4)
  2 orc knights
  2 ironbound convokers
  3 orb spiders
  A wizard (Pan)
  5 harpies
  A deep elf pyromancer (Elf:1)
  A salamander (Depths:1)
  6 wolf spiders
  7 ugly things
  A human skeleton (Vaults:2)
  A manticore (Shoals:4)
  3 merfolk sirens
  7 elephants
  2 vault sentinels (Vaults:3)
  A smoke demon (Crypt:3)
  2 orange demons
  3 cane toads
  A rime drake (Lair:4)
  A torpor snail (Spider:1)
  A demonic crawler (Pan)
  2 ice devils (Lair:3)
  A freezing wraith (Depths:4)
  2 polar bears
  3 merfolk
  A meliai (Spider:4)
  A large abomination (Abyss:2)
  2 wolf spider simulacra
  3 blink frogs
  6 tarantellas
  A slime creature (Slime:4)
  2 wind drakes
  3 snapping turtles
  2 dream sheep (Lair:5)
  8 jumping spiders
  A ynoxinul (Pan)
  5 culicivoras
  11 yaks
  2 wraiths
  A vampire mosquito (Lair:5)
  A basilisk (Lair:4)
  A neqoxec (Pan)
  12 redbacks
  2 wargs (Orc:2)
  A floating eye (Depths:4)
  2 water moccasins
  An orc warrior (D:15)
  2 ogres
  A wolf (Lair:4)
  3 bullfrogs
  A scorpion (D:4)
  2 orc priests
  5 orcs
  2 ball lightnings (Pan)
  A creeping inferno (Geh:6)
  2 fire vortices
240 creatures vanquished.

Vanquished Creatures (others)
  A draconian knight (Zot:2)
  A green draconian (Zot:2)
  A wendigo (Coc:3)
  A yellow draconian (Zot:2)
  A green death (Pan)
  A juggernaut simulacrum (Coc:3)
  A stoker (Geh:7)
  A deep elf knight (Elf:3)
  2 wizards (Vaults:3)
  A titan simulacrum (Coc:3)
  A hellwing (Pan)
  2 ynoxinuls (Pan)
  A neqoxec (Pan)
  A golden eye (Abyss:1)
  A chaos spawn (Pan)
  A harpy simulacrum (Coc:3)
  A hydra simulacrum (Coc:7)
  An orc wizard (Orc:2)
  29 ball lightnings (Pan)
  31 bushes (Depths:4)
  4 demonic plants (Abyss:4)
  A fire vortex (Pan)
  25 fungi
  3 lurking horrors
  203 plants
  9 starspawn tentacles
  6 tentacles (Shoals:4)
  44 withered plants (Crypt:3)
375 creatures vanquished.

Grand Total: 4021 creatures vanquished

Notes
Turn   | Place    | Note
-------+----------+-------------------------------------------
     0 | D:1      | 112233 the Demonspawn Air Elementalist began the quest for
                  | the Orb.
     0 | D:1      | Reached XP level 1. HP: 13/13 MP: 3/3
   649 | D:1      | Gained mutation: A weak demonic guardian rushes to your
                  | aid. [demonic ancestry]
   649 | D:1      | Reached XP level 2. HP: 16/19 MP: 0/5
  1206 | D:2      | Found a faded altar of an unknown god.
  1212 | D:2      | Learned a level 2 spell: Static Discharge
  1329 | D:2      | Gained mutation: You regenerate magic rapidly. [demonic
                  | ancestry]
  1329 | D:2      | Reached XP level 3. HP: 16/24 MP: 0/7
  2177 | D:3      | Gained mutation: When hurt, damage is shared between your
                  | health and your magic reserves. [demonic ancestry]
  2177 | D:3      | Reached XP level 4. HP: 16/30 MP: 2/10
  2338 | D:3      | Learned a level 3 spell: Swiftness
  2405 | D:3      | Reached skill level 5 in Spellcasting
  2405 | D:3      | Gained mutation: You have sharp fingernails. [demonic
                  | ancestry]
  2405 | D:3      | Reached XP level 5. HP: 24/35 MP: 3/12
  3492 | D:2      | Found a runed translucent door.
  3493 | D:2      | Noticed Crazy Yiuf
  4021 | D:4      | Found an ornate altar of the Wu Jian Council.
  4167 | D:4      | Reached XP level 6. HP: 21/41 MP: 4/15
  5113 | D:5      | Entered Level 5 of the Dungeon
  5562 | D:5      | Noticed Grinder
  5589 | D:6      | Learned a level 4 spell: Airstrike
  5616 | D:6      | Noticed a water moccasin
  5699 | D:7      | Identified the +8 dagger of Contention {speed, rC+ MP+9
                  | Int+5}
  5855 | D:6      | Gained mutation: You have very sharp fingernails. [demonic
                  | ancestry]
  5855 | D:6      | Reached XP level 7. HP: 31/47 MP: 17/17
  6048 | D:6      | Reached skill level 1 in Fighting
  6429 | D:6      | Found a stormy altar of Qazlal.
  6597 | D:6      | Found a hazy altar of Hepliaklqana.
  6706 | D:5      | Noticed a yak
  6706 | D:5      | Noticed a yak
  6706 | D:5      | Noticed a yak
  6706 | D:5      | Noticed a yak
  6706 | D:5      | Noticed a yak
  6715 | D:6      | Killed a yak
  6716 | D:6      | Reached skill level 2 in Fighting
  6932 | D:6      | Reached XP level 8. HP: 46/56 MP: 14/18
  7220 | D:6      | Reached skill level 3 in Fighting
  7220 | D:6      | Reached skill level 5 in Air Magic
  7947 | D:5      | Paralysed by Grinder for 3 turns
  8514 | D:5      | Gained mutation: A demonic guardian rushes to your aid.
                  | [demonic ancestry]
  8514 | D:5      | Reached XP level 9. HP: 65/65 MP: 20/20
  8553 | D:5      | Killed Grinder
  8554 | D:5      | Reached skill level 4 in Fighting
  9238 | D:7      | Found a staircase to the Ecumenical Temple.
  9567 | D:8      | Found a snail-covered altar of Cheibriados.
  9626 | D:8      | Reached skill level 5 in Dodging
  9899 | D:8      | Reached skill level 5 in Fighting
 10219 | D:8      | Found a shimmering altar of Xom.
 10236 | D:8      | Noticed Joseph
 10271 | D:8      | Found a flagged portal.
 10474 | D:9      | Found Umiutt Wesa's Antique Weapon Emporium.
 10639 | D:8      | Gained mutation: Your magical and physical power is
                  | slightly enhanced at high health. [demonic ancestry]
 10639 | D:8      | Reached XP level 10. HP: 74/74 MP: 22/22
 11242 | D:8      | Killed Joseph
 11440 | D:9      | Noticed Prince Ribbit
 11445 | D:9      | Killed Prince Ribbit
 11529 | D:9      | Reached skill level 6 in Fighting
 11651 | D:9      | Noticed a two-headed ogre
 11656 | D:9      | Killed a two-headed ogre
 12377 | D:10     | Entered Level 10 of the Dungeon
 12488 | Temple   | Entered the Ecumenical Temple
 12597 | Temple   | Became a worshipper of Gozag Ym Sagoz the Greedy
 13019 | D:10     | Found an ancient bone altar of Kikubaaqudgha.
 13089 | D:10     | Gained mutation: When low on magic, you restore magic in
                  | place of health. [demonic ancestry]
 13089 | D:10     | Reached XP level 11. HP: 83/83 MP: 14/24
 13403 | D:10     | Found a transporter.
 13407 | D:10     | Noticed Silencio's ghost (novice MiFi)
 13563 | D:10     | Identified the amulet "Veps" {Reflect Rampage rElec Str-2
                  | Int+9 SH+5}
 13609 | D:10     | Found a transporter.
 13797 | D:11     | Reached skill level 7 in Fighting
 13991 | D:11     | Noticed a boulder beetle
 13993 | D:11     | Noticed Urug
 14005 | D:12     | Noticed Sonja
 14046 | D:12     | Noticed a green ugly thing
 14060 | D:12     | Killed a green ugly thing
 14155 | D:12     | Reached skill level 10 in Air Magic
 14193 | D:12     | Killed Sonja
 14320 | D:12     | Found a staircase to the Orcish Mines.
 14339 | D:12     | Noticed a brown ugly thing
 14342 | D:12     | Killed a brown ugly thing
 14412 | D:12     | Noticed an eight-headed hydra
 14417 | D:12     | Killed an eight-headed hydra
 14485 | D:12     | Reached skill level 10 in Spellcasting
 14692 | D:12     | Noticed a six-headed hydra
 14696 | D:12     | Killed a six-headed hydra
 14717 | D:12     | Reached skill level 8 in Fighting
 14775 | D:12     | Noticed Josephine
 15518 | D:11     | Gained mutation: You have claws for hands. [demonic
                  | ancestry]
 15518 | D:11     | Reached XP level 12. HP: 93/93 MP: 21/26
 15545 | D:11     | Found a staircase to the Lair.
 15644 | D:11     | Killed a boulder beetle
 16069 | D:11     | Noticed a five-headed hydra
 16074 | D:11     | Killed a five-headed hydra
 16208 | D:11     | Killed Urug
 16275 | D:11     | Noticed a two-headed ogre
 16278 | D:11     | Killed a two-headed ogre
 16311 | D:11     | Found a hide-covered altar of Uskayaw.
 16381 | D:12     | Identified the +5 broad axe of the Orcish Mines {vorpal,
                  | Int+2 SInv}
 16466 | D:12     | Killed Josephine
 16644 | D:12     | Noticed Erolcha
 16648 | D:12     | Killed Erolcha
 16839 | D:13     | Noticed a catoblepas
 16850 | D:13     | Killed a catoblepas
 17277 | D:13     | Reached skill level 9 in Fighting
 17593 | D:13     | Noticed a boulder beetle
 18111 | D:13     | Killed a boulder beetle
 18438 | D:13     | Noticed a two-headed ogre
 18439 | D:13     | a two-headed ogre changed into a manticore
 18440 | D:13     | Noticed an ice dragon
 18440 | D:13     | a manticore changed into an ice dragon
 18452 | D:13     | Noticed a seven-headed hydra
 18452 | D:13     | an ice dragon changed into a seven-headed hydra
 18453 | D:13     | Noticed a boulder beetle
 18453 | D:13     | a seven-headed hydra changed into a boulder beetle
 18454 | D:13     | a boulder beetle changed into a faun
 18641 | D:13     | Found a gate to the Vaults.
 19419 | D:13     | Noticed Rupert
 19419 | D:13     | Noticed an ogre mage
 19419 | D:13     | Noticed a two-headed ogre
 19419 | D:13     | Noticed a two-headed ogre
 19419 | D:13     | Noticed a two-headed ogre
 19419 | D:13     | Noticed a two-headed ogre
 19419 | D:13     | Noticed a two-headed ogre
 19424 | D:12     | Killed a two-headed ogre
 19425 | D:12     | Reached XP level 13. HP: 78/101 MP: 18/28
 19724 | Orc:1    | Entered Level 1 of the Orcish Mines
 20049 | Orc:2    | Entered Level 2 of the Orcish Mines
 20049 | Orc:2    | Found a staircase to the Elven Halls.
 20855 | Orc:2    | Found Osorowne's Book Shoppe.
 20890 | Orc:2    | Noticed an orc warlord
 20906 | Orc:2    | Killed an orc warlord
 21776 | Orc:2    | Reached skill level 10 in Fighting
 22120 | Orc:2    | Found Bymoatug's Distillery.
 22120 | Orc:2    | Found Xanuguim's Armour Boutique.
 23209 | Orc:2    | Paralysed by an orc sorcerer for 4 turns
 23324 | Orc:2    | Bought a potion of degeneration for 16 gold pieces
 23506 | Orc:2    | Found Cikehueg's General Store.
 23506 | Orc:2    | Found Tamukin's Magic Scroll Boutique.
 23512 | Orc:2    | Bought a potion of experience for 750 gold pieces
 24759 | Orc:2    | Bought a potion of lignification for 45 gold pieces
 24768 | Orc:2    | Bought a scroll of fog for 56 gold pieces
 24768 | Orc:2    | Bought a scroll of noise for 14 gold pieces
 24768 | Orc:2    | Bought a scroll of amnesia for 56 gold pieces
 24768 | Orc:2    | Bought 2 scrolls of identify for 56 gold pieces
 24770 | Orc:2    | Bought a scroll of identify for 28 gold pieces
 24855 | Orc:2    | Bought a potion of invisibility for 128 gold pieces
 24855 | Orc:2    | Bought a potion of curing for 48 gold pieces
 24864 | Orc:2    | Bought the +2 shield of Resistance {rF++ rC++ Will++} for
                  | 775 gold pieces
 24864 | Orc:2    | Found the +2 shield of Resistance {rF++ rC++ Will++}
 24909 | Orc:2    | Bought a book of Storms for 512 gold pieces
 24932 | Orc:1    | Learned a level 4 spell: Summon Lightning Spire
 25223 | D:13     | Found Natyenn's Distillery.
 25231 | D:13     | Bought a potion of heal wounds for 85 gold pieces
 25231 | D:13     | Bought 2 potions of invisibility for 272 gold pieces
 25231 | D:13     | Bought a potion of curing for 51 gold pieces
 25231 | D:13     | Bought a potion of curing for 51 gold pieces
 25307 | D:13     | Paralysed by Rupert for 2 turns
 25379 | D:13     | Reached skill level 1 in Shields
 25501 | D:14     | Reached skill level 10 in Dodging
 25501 | D:14     | Gained mutation: You are partially covered in razor-sharp
                  | scales. (AC +1, Slay +1) [demonic ancestry]
 25501 | D:14     | Reached XP level 14. HP: 92/111 MP: 12/30
 26251 | D:14     | Found a portal to a secret trove of treasure.
 26422 | D:14     | Reached XP level 15. HP: 104/117 MP: 4/31
 27108 | D:15     | Entered Level 15 of the Dungeon
 27455 | D:15     | Reached skill level 11 in Fighting
 28274 | D:15     | Reached skill level 15 in Air Magic
 28328 | D:15     | Found a staircase to the Depths.
 28734 | D:13     | Killed Rupert
 29129 | Lair:1   | Entered Level 1 of the Lair of Beasts
 29815 | Lair:1   | Reached skill level 5 in Shields
 29835 | Lair:1   | Found the +1 robe of Vines {NoPotionHeal Regen++++}
 30602 | Lair:2   | Noticed Amaemon
 30610 | Lair:2   | Killed Amaemon
 31367 | Lair:2   | Noticed Fannar
 31374 | Lair:2   | Killed Fannar
 31806 | Lair:2   | Learned a level 7 spell: Storm Form
 31809 | Lair:2   | Learned a level 2 spell: Blink
 31825 | Lair:3   | Reached skill level 1 in Transmutations
 32201 | Lair:3   | Reached skill level 1 in Unarmed Combat
 32238 | Lair:3   | Found a hole to the Spider Nest.
 32422 | Lair:3   | Found a staircase to the Shoals.
 32527 | Lair:3   | Reached XP level 16. HP: 127/127 MP: 33/33
 33298 | Lair:4   | Reached skill level 12 in Fighting
 33673 | Lair:5   | Entered Level 5 of the Lair of Beasts
 33747 | Lair:5   | Found a sparkling altar of Nemelex Xobeh.
 34373 | Lair:5   | Reached skill level 5 in Transmutations
 34612 | Lair:5   | Found a staircase to the Slime Pits.
 35083 | Shoals:1 | Entered Level 1 of the Shoals
 35083 | Shoals:1 | Noticed qdestroyer's ghost (journeyman MiFi)
 35083 | Shoals:1 | Found a runed translucent door.
 35083 | Shoals:1 | Found a shimmering altar of Xom.
 35113 | Lair:3   | Bought a bubbling brown potion for 28 gold pieces
 35113 | Lair:3   | Bought a scroll of teleportation for 96 gold pieces
 35113 | Lair:3   | Bought a shiny helmet for 240 gold pieces
 35129 | Lair:3   | Bought the ring of Qaqucey Qoev {*Corrode Fly MP+9 Int+7
                  | Dex+2} for 623 gold pieces
 35353 | Elf:1    | Entered Level 1 of the Elven Halls
 35354 | Elf:1    | Noticed Jorgrun
 35501 | Spider:1 | Entered Level 1 of the Spider Nest
 35766 | Spider:1 | Paralysed by a meliai for 4 turns
 37017 | Spider:2 | Noticed Frances
 37026 | Spider:2 | Killed Frances
 37257 | Spider:2 | Gained mutation: You are mostly covered in razor-sharp
                  | scales. (AC +2, Slay +2) [demonic ancestry]
 37257 | Spider:2 | Reached XP level 17. HP: 130/135 MP: 34/34
 38040 | Spider:3 | Reached skill level 5 in Unarmed Combat
 38260 | Spider:3 | Noticed Arachne
 38515 | Orc:2    | Bought a +2 cloak for 181 gold pieces
 38519 | Orc:2    | Identified a scroll of acquirement
 38524 | Orc:2    | Acquired 534 gold pieces
 38881 | Spider:3 | Killed Arachne
 39287 | Spider:3 | Identified the ring "Vahoqaged" {Wiz Will+ Dex+4 SInv}
 39357 | Spider:4 | Entered Level 4 of the Spider Nest
 39364 | Spider:4 | Reached skill level 13 in Fighting
 40417 | Spider:4 | Noticed Asterion
 40436 | Spider:4 | Killed Asterion
 40449 | Spider:4 | Learned a level 5 spell: Manifold Assault
 40452 | Spider:4 | Learned a level 2 spell: Passwall
 40717 | Spider:4 | Got a gossamer rune of Zot
 41675 | Shoals:1 | Noticed Donald
 41694 | Shoals:1 | Killed Donald
 41695 | Shoals:1 | Gained mutation: Your magical and physical power is
                  | enhanced at high health. [demonic ancestry]
 41695 | Shoals:1 | Reached XP level 18. HP: 84/144 MP: 34/36
 42251 | Shoals:1 | Found an ancient bone altar of Kikubaaqudgha.
 43991 | Shoals:3 | Reached skill level 10 in Transmutations
 44780 | Shoals:4 | Entered Level 4 of the Shoals
 44842 | Shoals:4 | Identified the +5 flail of Caiceurgh {flame, Fly rN+ Str-3}
 44897 | Shoals:4 | Reached skill level 1 in Translocations
 44975 | Shoals:4 | Got a barnacled rune of Zot
 45023 | Shoals:4 | Reached skill level 14 in Fighting
 45693 | Shoals:4 | Got the Monograph on Bloody Bedrock
 46256 | Vaults:1 | Entered Level 1 of the Vaults
 46679 | Vaults:1 | Found Teteowen's Armour Shop.
 46809 | Vaults:1 | Reached XP level 19. HP: 141/152 MP: 35/37
 47013 | Vaults:1 | Reached skill level 15 in Spellcasting
 47504 | Vaults:1 | Found Ubbegiot's Antique Weapon Shop.
 47505 | Vaults:1 | Found Ycwyum's Jewellery Shoppe.
 47548 | Vaults:1 | Found Vetoat's Distillery.
 47970 | Vaults:2 | Noticed Jory
 47978 | Vaults:2 | Killed Jory
 48189 | Vaults:2 | Found Rosiy's Antique Armour Boutique.
 48340 | Vaults:2 | Found Gozag's Assorted Antiques.
 48370 | Vaults:2 | Reached skill level 5 in Translocations
 48442 | Vaults:2 | Reached skill level 15 in Fighting
 48544 | Vaults:2 | Found an opulent altar of Gozag.
 48544 | Vaults:2 | Found Gozag's Antique Armour Emporium.
 48566 | Vaults:2 | Found Gozag's Assorted Antiques.
 48630 | Vaults:2 | Bought a potion of curing for 300 gold pieces
 48630 | Vaults:2 | Bought a potion of heal wounds for 500 gold pieces
 48788 | Vaults:2 | Reached XP level 20. HP: 162/162 MP: 39/39
 48814 | Vaults:2 | Found a staircase to the Crypt.
 48814 | Vaults:2 | Found an ancient bone altar of Kikubaaqudgha.
 48814 | Vaults:2 | Found a basalt altar of Yredelemnul.
 49301 | Vaults:2 | Identified the +0 pair of gloves of Dim Light {+Inv Dex+5}
 49967 | Vaults:3 | Found Mioluor's General Store.
 50073 | Vaults:3 | You are sucked into a shaft and drop 1 floor!
 52259 | Vaults:3 | Reached skill level 10 in Unarmed Combat
 52288 | Vaults:3 | Reached XP level 21. HP: 166/170 MP: 41/41
 52869 | Vaults:3 | Found the +3 Mad Mage's Maulers {Infuse+∞ RegenMP Int-3}
 53105 | Vaults:3 | Bought a potion of curing for 51 gold pieces
 53105 | Vaults:3 | Bought a potion of invisibility for 136 gold pieces
 53105 | Vaults:3 | Bought a potion of magic for 136 gold pieces
 53105 | Vaults:3 | Bought 2 potions of mutation for 272 gold pieces
 53105 | Vaults:3 | Bought a potion of mutation for 136 gold pieces
 53107 | Vaults:3 | Bought a book of Lightning for 504 gold pieces
 53273 | Depths:1 | Entered Level 1 of the Depths
 53308 | Depths:1 | Learned a level 8 spell: Maxwell's Capacitive Coupling
 53508 | Depths:1 | Found a runed translucent door.
 53519 | Depths:1 | Found a one-way gateway to a ziggurat.
 54060 | Depths:1 | Reached skill level 16 in Fighting
 54161 | Depths:1 | Found a gateway to Hell.
 54891 | Depths:2 | Reached skill level 15 in Transmutations
 55128 | Depths:2 | Found a one-way gate leading to the halls of Pandemonium.
 55141 | Depths:2 | Got the Almanac of Enchantment
 55384 | Depths:2 | Noticed a juggernaut
 55392 | Depths:2 | Killed a juggernaut
 55539 | Depths:2 | Reached XP level 22. HP: 140/179 MP: 39/42
 55665 | Depths:2 | Found Nuenyrel's General Store.
 55673 | Depths:2 | Bought a manual of Transmutations for 1920 gold pieces
 55673 | Depths:2 | Bought a condenser vane for 960 gold pieces
 55829 | Depths:2 | Reached skill level 15 in Dodging
 56162 | Depths:3 | Found Lekiulan's Book Boutique.
 56163 | Depths:3 | Found Oschunan's Jewellery Shoppe.
 56165 | Depths:3 | Found Maweo's Book Boutique.
 56174 | Depths:3 | Bought a book of Cantrips for 252 gold pieces
 56181 | Depths:3 | Bought the amulet of the Four Winds {rN+ Will+++ Clar} for
                  | 1396 gold pieces
 56181 | Depths:3 | Found the amulet of the Four Winds {rN+ Will+++ Clar}
 56228 | Depths:3 | Noticed Margery
 56252 | Depths:3 | Killed Margery
 56399 | Depths:3 | Found a sacrificial altar of Ru.
 56482 | Depths:3 | Noticed Louise
 56489 | Depths:3 | Killed Louise
 56593 | Depths:3 | Found a one-way gate to the infinite horrors of the Abyss.
 57207 | Depths:3 | Learned a level 1 spell: Apportation
 58025 | Depths:4 | Entered Level 4 of the Depths
 58149 | Depths:4 | Found an iron altar of Okawaru.
 58306 | Depths:4 | Paralysed by a floating eye for 3 turns
 58542 | Depths:4 | Reached skill level 17 in Fighting
 58545 | Depths:4 | Found Veapnug's Armour Shoppe.
 58665 | Depths:4 | Found a gate to the Realm of Zot.
 58665 | Depths:4 | Identified the +2 rapier of Ointment {venom, Dex+2}
 58670 | Depths:4 | Noticed a golden dragon
 58688 | Depths:4 | Killed a golden dragon
 59283 | Crypt:1  | Entered Level 1 of the Crypt
 59784 | Crypt:1  | Noticed Xtahua
 59793 | Crypt:1  | Killed Xtahua
 59794 | Crypt:1  | Gained mutation: A powerful demonic guardian rushes to your
                  | aid. [demonic ancestry]
 59794 | Crypt:1  | Reached XP level 23. HP: 119/188 MP: 28/44
 60604 | Crypt:2  | Bought a scroll of teleportation for 123 gold pieces
 60631 | Crypt:2  | Bought a potion of heal wounds for 110 gold pieces
 60631 | Crypt:2  | Bought a potion of curing for 66 gold pieces
 60662 | Crypt:2  | Bought a potion of mutation for 176 gold pieces
 61416 | Crypt:3  | Entered Level 3 of the Crypt
 61847 | Crypt:3  | Identified the +9 quarterstaff of the Shore {venom, Fragile
                  | rF+ rC+}
 61928 | Crypt:3  | Found the +9 sword of Zonguldrok {reap}
 62220 | Crypt:3  | Found a staircase to the Tomb.
 62417 | Crypt:3  | Identified the ring "Zeclac" {rElec rF+ EV+4}
 62505 | Crypt:3  | Identified the amulet "Miupn" {rF+ Regen+}
 62581 | Crypt:3  | Identified the ring of Xaocwet {rN+ Will+++ Int+5 Dex-4}
 62636 | Crypt:3  | Identified the ring "Pael" {rElec rN+ Slay+3}
 62908 | Crypt:3  | Found an ancient bone altar of Kikubaaqudgha.
 62914 | Crypt:3  | Noticed a dread lich
 62932 | Crypt:3  | Killed a dread lich
 62933 | Crypt:3  | Noticed a dread lich
 62939 | Crypt:3  | Killed a dread lich
 63085 | Crypt:3  | Got Tifumi's Parchment of Venin
 63795 | Hell     | Entered the Vestibule of Hell
 63797 | Hell     | Noticed Geryon
 64153 | Hell     | Noticed Murray
 64291 | Depths:4 | Killed Murray
 64743 | Hell     | Killed Geryon
 64991 | Hell     | Reached skill level 18 in Fighting
 65466 | Hell     | Found a gateway to the freezing wastes of Cocytus.
 65676 | Hell     | Found a gateway to the decaying netherworld of Tartarus.
 65815 | Hell     | Found a gateway to the ashen valley of Gehenna.
 66104 | Hell     | Found a gateway to the Iron City of Dis.
 66366 | D:14     | You paid a toll of 12 potions of heal wounds to enter a
                  | treasure trove
 66367 | Trove    | Entered a treasure trove
 66371 | Trove    | Found the ring of the Hare {EV+8}
 66378 | Trove    | Identified the ring of Wuofaad {Fly rN+ MP+9 Stlth+}
 66383 | Trove    | Identified the ring of Qiunu {rC++ Will+ Int+2}
 66385 | Trove    | Identified the ring "Utabb" {Fly rPois Will+}
 66391 | Trove    | Identified the ring "Emmomuiz" {Fly Str+5 Stlth+}
 66399 | Trove    | Identified the ring of Nanoak {Wiz Fly rF- rC+ Dex+4}
 66401 | Trove    | Identified the ring "Sisch" {rN+ Int+4}
 66402 | Trove    | Identified the ring of Petidim {Wiz Str+4}
 66671 | Slime:1  | Entered Level 1 of the Pits of Slime
 66673 | Slime:1  | Gained mutation: You occasionally lose the ability to drink
                  | potions when taking damage. [a shining eye]
 66813 | Slime:2  | Reached XP level 24. HP: 198/198 MP: 25/45
 67259 | Slime:3  | Gained mutation: You are weak. (Str -2) [a shining eye]
 67374 | Slime:5  | Entered Level 5 of the Pits of Slime
 67468 | Slime:5  | Noticed the Royal Jelly
 67705 | Slime:4  | Gained mutation: Your magical capacity is low. (-10% MP) [a
                  | shining eye]
 67708 | Slime:4  | Gained mutation: You are clumsy. (Dex -2) [a shining eye]
 68063 | Slime:4  | Lost mutation: You are clumsy. (Dex -2) [potion of
                  | mutation]
 68063 | Slime:4  | Lost mutation: You are weak. (Str -2) [potion of mutation]
 68063 | Slime:4  | Lost mutation: Your magical capacity is low. (-10% MP)
                  | [potion of mutation]
 68063 | Slime:4  | Gained mutation: You are frail. (-10% HP) [potion of
                  | mutation]
 68064 | Slime:4  | Lost mutation: You are frail. (-10% HP) [potion of
                  | mutation]
 68064 | Slime:4  | Lost mutation: You occasionally lose the ability to drink
                  | potions when taking damage. [potion of mutation]
 68064 | Slime:4  | Gained mutation: You are dopey. (Int -2) [potion of
                  | mutation]
 68064 | Slime:4  | Gained mutation: Your magical capacity is low. (-10% MP)
                  | [potion of mutation]
 68065 | Slime:4  | Lost mutation: You are dopey. (Int -2) [potion of mutation]
 68065 | Slime:4  | Lost mutation: Your magical capacity is low. (-10% MP)
                  | [potion of mutation]
 68065 | Slime:4  | Gained mutation: You possess an exceptional clarity of
                  | mind. [potion of mutation]
 68065 | Slime:4  | Gained mutation: You have hidden genetic potential. [potion
                  | of mutation]
 68065 | Slime:4  | Gained mutation: You passively map a small area around you.
                  | [potion of mutation]
 68077 | Slime:5  | Killed the Royal Jelly
 68078 | Slime:5  | Reached skill level 1 in Evocations
 68088 | Slime:5  | HP: 6/199 [rockslime[the Royal Jelly] (24)]
 68211 | Slime:5  | Got a slimy rune of Zot
 68250 | Slime:5  | Identified the +6 leather armour of the Carpenter {rN+
                  | Dex+3}
 68815 | Zot:1    | Entered Level 1 of the Realm of Zot
 69700 | Zot:1    | Found a transporter.
 69721 | Zot:1    | Found a transporter.
 69728 | Zot:1    | Found a transporter.
 69974 | Zot:1    | Found a transporter.
 70786 | Zot:2    | Reached skill level 19 in Fighting
 71278 | Zot:2    | Gained mutation: You are completely covered in razor-sharp
                  | scales. (AC +3, Slay +3) [demonic ancestry]
 71278 | Zot:2    | Reached XP level 25. HP: 207/207 MP: 45/45
 72441 | Zot:3    | Reached skill level 5 in Evocations
 73821 | Vaults:5 | Entered Level 5 of the Vaults
 74277 | Vaults:4 | Gained mutation: You have a pair of small horns on your
                  | head. [hidden potential]
 74574 | Vaults:5 | Noticed a dread lich
 74582 | Vaults:5 | Killed a dread lich
 74584 | Vaults:5 | Identified the ring "Ytuloecs" {*Corrode rElec rPois Str+7}
 75848 | Vaults:5 | Identified the ring "Zoiris" {Contam rF- rC+ rN+ Int+8}
 75850 | Vaults:5 | Reached skill level 15 in Unarmed Combat
 76144 | Vaults:5 | Got the Octavo of Concussion and Peregrination
 76380 | Vaults:5 | Found Hohus's Assorted Antiques.
 76387 | Vaults:5 | Bought 2 potions of curing for 312 gold pieces
 76387 | Vaults:5 | Bought a wand of roots (1) for 124 gold pieces
 76387 | Vaults:5 | Bought a sparkling bone amulet for 260 gold pieces
 76387 | Vaults:5 | Identified the amulet "Ileneor" {+Inv rF- Regen+ Str+7
                  | Stlth-} (You bought it in a shop on level 5 of the Vaults)
 76392 | Vaults:5 | Got a silver rune of Zot
 77564 | Dis:1    | Entered Level 1 of the Iron City of Dis
 77718 | Hell     | Learned a level 6 spell: Statue Form
 77732 | Hell     | Bought a scroll of summoning for 199 gold pieces
 77732 | Hell     | Bought a scroll of teleportation for 63 gold pieces
 77732 | Hell     | Bought a scroll of summoning for 199 gold pieces
 77732 | Hell     | Bought a scroll of magic mapping for 157 gold pieces
 78200 | Elf:1    | Killed Jorgrun
 78277 | Elf:1    | Found Fugrepel's Magic Scroll Boutique.
 78285 | Elf:1    | Bought a scroll of fog for 64 gold pieces
 78285 | Elf:1    | Bought a scroll of fog for 64 gold pieces
 78285 | Elf:1    | Bought a scroll of teleportation for 48 gold pieces
 79174 | Elf:1    | Reached XP level 26. HP: 213/217 MP: 32/46
 79320 | Elf:2    | Found Worphyutu's Weapon Emporium.
 79320 | Elf:2    | Found Xirghule's Book Shoppe.
 79517 | Elf:2    | Reached skill level 10 in Translocations
 79756 | Elf:2    | Found Foqaakla's Armour Shoppe.
 79888 | Elf:2    | Reached skill level 20 in Fighting
 79912 | Elf:2    | Found a runed translucent gate.
 79912 | Elf:2    | Found a runed translucent gate.
 79923 | Elf:2    | Found a runed translucent gate.
 80094 | Elf:2    | Found Uda Iwne's Book Shop.
 80200 | Elf:3    | Entered Level 3 of the Elven Halls
 80207 | Elf:3    | Paralysed by an air elemental for 1 turns
 80581 | Elf:3    | Learned a level 2 spell: Wereblood
 80991 | Elf:3    | Gained mutation: Your spells are a little harder to cast,
                  | but a little more powerful. [hidden potential]
 80991 | Elf:3    | Lost mutation: You have hidden genetic potential. [hidden
                  | potential expressed]
 81140 | Elf:3    | Got Risasafo's Codex of Molten Feathers
 81201 | Elf:3    | Got the Octavo of the Chill and the Throng
 81219 | Elf:3    | Identified the +1 scale mail of Cuqizeot {rElec}
 81234 | Elf:3    | Identified the +3 leather armour of the Hart {Str+4 SInv
                  | Stlth-}
 81234 | Elf:3    | Found the +14 obsidian axe {vorpal, Mesm Drain Fly SInv}
 81236 | Elf:3    | Identified the +0 ring mail of Midnight {rF+ Str-5 Dex+2}
 81237 | Elf:3    | Identified the ring "Kunkiu Yqyd" {Ice *Corrode Str+3}
 81239 | Elf:3    | Identified the +4 scale mail of Plog {rElec}
 81243 | Elf:3    | Identified the +6 sling "Itracvat" {flame, rF+ rC+}
 81353 | Elf:3    | Identified the +0 leather armour of Xonef {Str+5}
 81366 | Elf:3    | Identified the +11 sling of Ecualy {freeze, rC+ Dex+4}
 81705 | Depths:3 | Voluntarily entered the Abyss.
 81705 | Abyss:1  | Found a corrupted altar of Lugonu.
 82059 | Abyss:1  | Found a corrupted altar of Lugonu.
 82564 | Abyss:1  | Found a shimmering blue altar of Sif Muna.
 83649 | Abyss:2  | Gained mutation: You expend magic power (3 MP) to
                  | strengthen your wands. [a neqoxec]
 83891 | Abyss:4  | Found a sparkling altar of Nemelex Xobeh.
 84010 | Abyss:4  | Reached skill level 10 in Shields
 84027 | Abyss:4  | Got an abyssal rune of Zot
 84054 | Abyss:4  | Gained mutation: Your magical and physical power is greatly
                  | enhanced at high health. [demonic ancestry]
 84054 | Abyss:4  | Reached XP level 27. HP: 226/226 MP: 47/47
 84201 | Depths:3 | Escaped the Abyss
 84219 | Depths:3 | Learned a level 6 spell: Conjure Ball Lightning
 84706 | Pan      | Entered the realm of Lom Lobon.
 84706 | Pan      | Entered Pandemonium
 84712 | Pan      | Reached skill level 10 in Evocations
 84712 | Pan      | Noticed Mennas
 84721 | Pan      | Killed Mennas
 84907 | Pan      | Learned a level 5 spell: Silence
 84995 | Pan      | Identified the +3 robe of Intis {Str+2 Stlth+}
 85643 | Pan      | Noticed Lom Lobon
 85882 | Pan      | Got a magical rune of Zot
 86245 | Pan      | Gained mutation: You are frail. (-10% HP) [a cacodemon]
 86280 | Pan      | Reached skill level 21 in Fighting
 86280 | Pan      | Noticed Lom Lobon
 86863 | Pan      | Lost mutation: You passively map a small area around you.
                  | [potion of mutation]
 86863 | Pan      | Lost mutation: You expend magic power (3 MP) to strengthen
                  | your wands. [potion of mutation]
 86863 | Pan      | Lost mutation: You have a pair of small horns on your head.
                  | [potion of mutation]
 86863 | Pan      | Gained mutation: You passively map a small area around you.
                  | [potion of mutation]
 86864 | Pan      | Lost mutation: You passively map a small area around you.
                  | [potion of mutation]
 86864 | Pan      | Lost mutation: Your spells are a little harder to cast, but
                  | a little more powerful. [potion of mutation]
 86864 | Pan      | Gained mutation: You are agile. (Dex +4, Str/Int -1)
                  | [potion of mutation]
 86864 | Pan      | Gained mutation: Your mind is acute. (Int +4, Str/Dex -1)
                  | [potion of mutation]
 86864 | Pan      | Gained mutation: Your muscles are strong. (Str +4, Int/Dex
                  | -1) [potion of mutation]
 86865 | Pan      | Lost mutation: Your mind is acute. (Int +4, Str/Dex -1)
                  | [potion of mutation]
 86865 | Pan      | Lost mutation: Your muscles are strong. (Str +4, Int/Dex
                  | -1) [potion of mutation]
 86865 | Pan      | Lost mutation: You are agile. (Dex +4, Str/Int -1) [potion
                  | of mutation]
 86865 | Pan      | Gained mutation: You are very frail. (-20% HP) [potion of
                  | mutation]
 86865 | Pan      | Gained mutation: You have sharp toenails. [potion of
                  | mutation]
 86866 | Pan      | Lost mutation: You have sharp toenails. [potion of
                  | mutation]
 86866 | Pan      | Lost mutation: You are very frail. (-20% HP) [potion of
                  | mutation]
 86866 | Pan      | Lost mutation: You are frail. (-10% HP) [potion of
                  | mutation]
 86866 | Pan      | Gained mutation: You are agile. (Dex +4, Str/Int -1)
                  | [potion of mutation]
 86866 | Pan      | Gained mutation: You have sharp toenails. [potion of
                  | mutation]
 86932 | Pan      | Found an exit through the horrors of the Abyss.
 87248 | Pan      | Noticed Myteorewk the pandemonium lord
 87549 | Pan      | Killed Myteorewk the pandemonium lord
 88069 | Pan      | Got a demonic rune of Zot
 88192 | Pan      | Identified the +4 ring mail of the Moneychanger {Dex+2}
 88282 | Pan      | Noticed Ignacio
 88288 | Pan      | Killed Ignacio
 88325 | Pan      | Found an exit through the horrors of the Abyss.
 88470 | Depths:2 | Escaped Pandemonium
 88670 | Vaults:3 | Bought a Necronomicon for 784 gold pieces
 88679 | Vaults:3 | Learned a level 8 spell: Necromutation
 88688 | Vaults:3 | Learned a level 8 spell: Borgnjor's Revivification
 88891 | Pan      | Entered Pandemonium
 88911 | Pan      | Noticed Ynleasys the pandemonium lord
 88922 | Pan      | Killed Ynleasys the pandemonium lord
 89210 | Pan      | Identified the +1 dire flail "Typtoaxu" {flame, MP+9}
 89289 | Pan      | Lost mutation: You possess an exceptional clarity of mind.
                  | [a neqoxec]
 89783 | Pan      | Identified the +5 flail "Awnac" {freeze, rN+ Dex+3}
 90666 | Pan      | Gained mutation: You occasionally lose the ability to read
                  | scrolls when taking damage. [a neqoxec]
 91124 | Pan      | Found an exit through the horrors of the Abyss.
 91145 | Pan      | Gained mutation: You are weak. (Str -2) [a cacodemon]
 91178 | Pan      | Entered the realm of Mnoleg.
 91187 | Pan      | Gained mutation: Your body sometimes deteriorates upon
                  | taking damage. [a cacodemon]
 91190 | Pan      | Gained mutation: You do not regenerate when monsters are
                  | visible. [a cacodemon]
 91191 | Pan      | Gained mutation: Your system is resistant to poisons.
                  | (rPois) [a cacodemon]
 91337 | Pan      | Noticed Mnoleg
 91351 | Pan      | Killed Mnoleg
 91368 | Pan      | Reached skill level 22 in Fighting
 91383 | Pan      | Got a glowing rune of Zot
 91402 | Pan      | Gained mutation: Armour fits poorly on your strangely
                  | shaped body. [a cacodemon]
 91434 | Pan      | Gained mutation: You are partially covered in large bone
                  | plates. (SH +4) [a cacodemon]
 91437 | Pan      | Gained mutation: You passively map a small area around you.
                  | [a neqoxec]
 91439 | Pan      | Lost mutation: You are agile. (Dex +4, Str/Int -1) [a
                  | neqoxec]
 91442 | Pan      | Gained mutation: Potions are less effective at restoring
                  | your health. [a neqoxec]
 91508 | Pan      | Entered the realm of Cerebov.
 91551 | Pan      | Lost mutation: You are partially covered in large bone
                  | plates. (SH +4) [potion of mutation]
 91551 | Pan      | Lost mutation: Armour fits poorly on your strangely shaped
                  | body. [potion of mutation]
 91551 | Pan      | Lost mutation: Your body sometimes deteriorates upon taking
                  | damage. [potion of mutation]
 91551 | Pan      | Gained mutation: You are strong-willed. (Will+) [potion of
                  | mutation]
 91552 | Pan      | Lost mutation: You are strong-willed. (Will+) [potion of
                  | mutation]
 91552 | Pan      | Lost mutation: Your system is resistant to poisons. (rPois)
                  | [potion of mutation]
 91552 | Pan      | Gained mutation: Your spells are a little harder to cast,
                  | but a little more powerful. [potion of mutation]
 91552 | Pan      | Gained mutation: You possess an exceptional clarity of
                  | mind. [potion of mutation]
 91552 | Pan      | Gained mutation: You are strong-willed. (Will+) [potion of
                  | mutation]
 91675 | Pan      | Found the +6 sword of Cerebov {flame}
 91675 | Pan      | Noticed Cerebov
 91696 | Pan      | Identified the +7 war axe of Kismet {venom, rF+}
 92187 | Pan      | Identified the ring "Tisogguakk" {Ice rCorr Dex+4 Slay+2}
 92278 | Pan      | Killed Cerebov
 92324 | Pan      | Got the Cyclopedia of Fiery Minerals
 92324 | Pan      | Got a fiery rune of Zot
 92441 | Pan      | Entered the realm of Gloorx Vloq.
 92677 | Pan      | Noticed Lom Lobon
 92685 | Pan      | Killed Lom Lobon
 93044 | Pan      | Noticed Gloorx Vloq
 93501 | Pan      | Lost mutation: You do not regenerate when monsters are
                  | visible. [potion of mutation]
 93501 | Pan      | Lost mutation: You passively map a small area around you.
                  | [potion of mutation]
 93501 | Pan      | Lost mutation: You have sharp toenails. [potion of
                  | mutation]
 93501 | Pan      | Gained mutation: You have large cloven feet. [potion of
                  | mutation]
 94260 | Pan      | Killed Gloorx Vloq
 94261 | Pan      | Reached skill level 23 in Fighting
 94382 | Pan      | Got a dark rune of Zot
 94586 | Pan      | Noticed Wyniequith the pandemonium lord
 94595 | Pan      | Killed Wyniequith the pandemonium lord
 94623 | Pan      | Gained mutation: You are clumsy. (Dex -2) [a neqoxec]
 94631 | Pan      | Gained mutation: Your flesh is heat resistant. (rF+) [a
                  | neqoxec]
 94970 | Pan      | Found an exit through the horrors of the Abyss.
 95061 | Pan      | Noticed Firrais the pandemonium lord
 95067 | Pan      | Killed Firrais the pandemonium lord
 95336 | Pan      | Found an exit through the horrors of the Abyss.
 95463 | Pan      | Found an exit through the horrors of the Abyss.
 95534 | Pan      | Gained mutation: Your body sometimes deteriorates upon
                  | taking damage. [a neqoxec]
 95705 | Pan      | Noticed Teodog the pandemonium lord
 95738 | Pan      | Killed Teodog the pandemonium lord
 96366 | Pan      | Reached skill level 1 in Necromancy
 96380 | Depths:2 | Escaped Pandemonium
 96512 | D:13     | Bought 2 potions of mutation for 272 gold pieces
 96512 | D:13     | Lost mutation: You have large cloven feet. [potion of
                  | mutation]
 96512 | D:13     | Lost mutation: You are clumsy. (Dex -2) [potion of
                  | mutation]
 96512 | D:13     | Lost mutation: Your spells are a little harder to cast, but
                  | a little more powerful. [potion of mutation]
 96513 | D:13     | Lost mutation: You possess an exceptional clarity of mind.
                  | [potion of mutation]
 96513 | D:13     | Lost mutation: Potions are less effective at restoring your
                  | health. [potion of mutation]
 96513 | D:13     | Lost mutation: Your body sometimes deteriorates upon taking
                  | damage. [potion of mutation]
 96513 | D:13     | Gained mutation: You have large cloven feet. [potion of
                  | mutation]
 96513 | D:13     | Gained mutation: You have a somewhat thin skeletal
                  | structure. (Dex +2, Stealth+) [potion of mutation]
 96776 | Geh:1    | Entered Level 1 of Gehenna
 97517 | Coc:1    | Entered Level 1 of Cocytus
 97530 | Coc:1    | Noticed a dread lich
 97538 | Coc:1    | Killed a dread lich
 98743 | Coc:5    | Reached skill level 24 in Fighting
 99039 | Coc:7    | Entered Level 7 of Cocytus
 99830 | Coc:7    | Noticed Antaeus
 99864 | Coc:7    | Killed Antaeus
101033 | Coc:7    | Got an icy rune of Zot
101176 | Dis:2    | Found a huge runed gate.
101176 | Dis:2    | Found a huge runed gate.
101176 | Dis:2    | Found a huge runed gate.
101176 | Dis:2    | Found a huge runed gate.
101176 | Dis:2    | Found a huge runed gate.
101180 | Dis:2    | Found a huge runed gate.
101181 | Dis:2    | Found a huge runed gate.
101181 | Dis:2    | Found a huge runed gate.
101182 | Dis:2    | Found a huge runed gate.
101628 | Geh:2    | You are sucked into a shaft and drop 2 floors!
102155 | Geh:6    | Reached skill level 25 in Fighting
102462 | Geh:7    | Entered Level 7 of Gehenna
103278 | Geh:7    | Noticed the Serpent of Hell
103302 | Geh:7    | Killed the Serpent of Hell
103303 | Geh:7    | Reached skill level 5 in Necromancy
103680 | Geh:7    | Found the +7 sceptre of Asmodeus
103680 | Geh:7    | Noticed Asmodeus
103694 | Geh:7    | Killed Asmodeus
103775 | Geh:7    | Got an obsidian rune of Zot
104072 | Dis:2    | Slain by an iron golem

Illustrated notes

Levels and vault maps discovered:
D:1:      spicycebolla_arrival_transporter_tutorial, layout_basic,
          minmay_misc_feat_more_columns
D:2:      layout_basic, nicolae_ecumenical_pavilion, uniq_crazy_yiuf_cottage
D:3:      layout_basic, demons_altar
D:4:      layout_cave_pools, nicolae_wu_jian_wuxing_cycle
D:5:      layout_rooms, uniq_grinder
D:6:      layout_loops_ring, kennysheep_mini_moat,
          nicolae_qazlal_scattered_showers, minmay_misc_feat_roman,
          hangedman_decor_diamond_cutter
D:7:      layout_basic, minmay_temple_entry_from_below_b
D:8:      layout_basic, cheibriados_altar_1, mainiacjoe_overflow_boulevard,
          enter_bailey_2, corner_web_ring, uniq_joseph
D:9:      layout_long_grid, serial_shops, nicolae_shop_trees, minivault_27,
          uniq_prince_ribbit1
D:10:     layout_cave_pools, nicolae_kikubaaqudgha_miasma_corner,
          gammafunk_ghost_stat_death
D:11:     layout_basic, erik_lair_island, nicolae_uskayaw_dance_hall, uniq_urug
D:12:     layout_small_grid, erik_orc_4, uniq_sonja, uniq_josephine,
          uniq_erolcha
D:13:     layout_loops_cross, david_vaults_4, serial_shops,
          kennysheep_little_box, uniq_rupert
D:14:     layout_roguey, nicolae_trove_entry_isolated
D:15:     gammafunk_enter_depths_forms, layout_cave_pools, serial_rivers,
          chequers_serial_rivers_small_3, chequers_serial_rivers_small_a,
          chequers_serial_rivers_small_3, chequers_serial_rivers_micro_d,
          chequers_serial_rivers_small_b
Temple:   nicolae_temple_superstar
Lair:1:   layout_cave_pods, hellmonk_guarded_unrand_vines, serial_bayou_shore_a
Lair:2:   layout_regular_city, lemuel_fruit_tree, uniq_fannar, uniq_amaemon
Lair:3:   layout_misc_corridors, minmay_shoals_entry_hut, spider_nest_entry_a,
          portal_ice_cave_demonic_guard, minmay_lair_oklob_items,
          serial_bayou_shore_b, grunt_megastairs_2
Lair:4:   layout_hall_layers, grunt_forest_stairs_clearing
Lair:5:   minmay_lair_end_frog_pond, layout_concentric_octagons, slime_entry_1,
          basic_altar
Shoals:1: layout_shoals, ebering_ghost_xom, lemuel_altar_in_water, uniq_donald
Shoals:2: layout_shoals
Shoals:3: layout_shoals
Shoals:4: shoals_end_hangedman, layout_shoals,
          nicolae_shoals_stone_sculpture_thing
Spider:1: layout_spider_delve, nicolae_spider_bug_shape
Spider:2: layout_spider_delve, uniq_frances
Spider:3: layout_spider_delve, uniq_arachne
Spider:4: hellmonk_spider_rune_endless_swarm, nicolae_spider_undead_wolf_pack,
          uniq_asterion
Slime:1:  layout_caves
Slime:2:  layout_caves
Slime:3:  layout_caves
Slime:4:  layout_caves, basic_altar
Slime:5
Orc:1:    layout_caves, serial_shops
Orc:2:    st_orc_town, layout_caves, special_room, serial_shops,
          nicolae_shop_statue_plus
Elf:1:    elf_arrival_002, layout_loops_ring, serial_shops, nicolae_shop_trees,
          hangedman_elf_disciples, uniq_jorgrun, uniq_louise
Elf:2:    elven_hall_of_blades_hangedman_original
          [nicolae_blade_entry_pointy_end], layout_geoelf_grid, serial_shops,
          nicolae_shop_advertising_works [nicolae_subvault_shop_adworks],
          nicolae_shop_hallway_plus, nicolae_stop_n_shop_1,
          nicolae_diamond_shop, uniq_agnes
Elf:3:    elf_hall, layout_geoelf_octagon, serial_sigils,
          serial_sigils_hangedman_shear, serial_sigils_hangedman_quiver,
          serial_sigils_hangedman_gut, serial_sigils_hangedman_writhe
Vaults:1: hangedman_vaults_restitches, grunt_vaults_swirl,
          hangedman_vaults_stitches, vaults_dpeg_doors, v_alt_pattern_2,
          nicolae_vaults_halls_meeting, v_rooms_2,
          vaults_mumra_minichess_inversion, v_misc_25,
          nicolae_vaults_diagonal_hallway_9, vaults_room_fancy_cross,
          grunt_vaults_hallway_short, vaults_room_pool, v_misc_15,
          hangedman_vaults_impose, grunt_vaults_hallway_long,
          layout_vaults_maze_bifur, serial_shops, shop, shop, shop, shop
Vaults:2: v_alt_pattern_3, vaults_mumra_hexcomb, ontoclasm_vaults_pinch,
          v_alt_pattern_2, grunt_vaults_hallway_long,
          minmay_crypt_entry_necro_gods, kennysheep_vaults_gozag_temple,
          nicolae_vaults_shelves_hall, vaults_dpeg_emergency_exit,
          nicolae_vaults_network_star, nicolae_vaults_yaktaur_gun_rack,
          layout_vaults_big_room, serial_shops, shop, uniq_jory
Vaults:3: ontoclasm_vaults_loading_screen, st_eye, v_misc_33,
          ontoclasm_vaults_ring_small, v_rooms_4, hangedman_vaults_unwind,
          hangedman_vaults_maws, nicolae_vaults_network_barrier,
          nicolae_vaults_network_quinsquares
          [nicolae_vaults_network_quincunx_subvault,
          nicolae_vaults_network_quincunx_subvault,
          nicolae_vaults_network_quincunx_subvault,
          nicolae_vaults_network_quincunx_subvault],
          nicolae_vaults_hallways_thing, grunt_vaults_focal,
          layout_vaults_omnibox, serial_shops, nicolae_shop_waterfront
Vaults:4: hangedman_vaults_locks, v_rooms_5, ontoclasm_vaults_idyll,
          hangedman_vaults_pinch, hangedman_vaults_corner_blocks, st_star,
          ontoclasm_vaults_ring_small, vaults_standard_mumra_lines, v_misc_11,
          vaults_standard_mumra_x, layout_vaults_big_cross
Vaults:5
Crypt:1:  layout_regular_city, grunt_crypt_arrival_webbed, uniq_xtahua
Crypt:2:  layout_chaotic_city
Crypt:3:  quadcrypt_mu
Depths:1: layout_roguey, enter_ziggurat_b, hellmouth_1, fountainhead,
          minmay_misc_feat_chi, minmay_misc_feat_room, lightli_giant_bouncers
Depths:2: nzn_winding_woodlands_stair_trap [nzn_winding_woodlands_5x15_zeroes,
          nzn_winding_woodlands_5x15_cabin, nzn_winding_woodlands_5x15_pockets,
          nzn_winding_woodlands_15x15_five_gardens,
          nzn_winding_woodlands_5x15_parted,
          nzn_winding_woodlands_5x15_river_crossing,
          nzn_winding_woodlands_5x15_lazy_stream], layout_cave_pools, pan_entry,
          serial_shops, nicolae_shop_statue_plus, kennysheep_pointless_box,
          hangedman_geh_valley
Depths:3: kennysheep_large_spiral, layout_small_grid,
          nicolae_abyss_entry_one_way_or_another, lemuel_tele_altar,
          grunt_metal_band, serial_bayou_lake_a, minmay_shop_grove,
          infiniplex_staircase_zigzag_1, firewood_loft, serial_bayou_shore_b
Depths:4: grunt_zot_entry_bicorn, layout_cross, serial_shops,
          nicolae_square_shop, pan_entry, okawaru_trees_1, pf_coc_iceberg,
          minmay_hedge_maze
Hell
Dis:1:    layout_gridville, minmay_strange_pillars
Dis:2:    layout_gridville, door_vault
Geh:1:    layout_gehenna_pools_triple
Geh:2:    layout_gehenna_pools_basic, nicolae_geh_isolated_escape
Geh:4:    nicolae_geh_lava_swirls, layout_gehenna_pools_triple,
          lemuel_hellion_isle
Geh:5:    layout_gehenna_pools_triple
Geh:6:    layout_gehenna_pools_basic, nicolae_geh_lavax
Geh:7:    geh_old
Coc:1:    layout_cocytus_water_paths
Coc:2:    layout_ice_bergs
Coc:3:    layout_cocytus_water_paths
Coc:4:    nicolae_coc_icebeans_plural [nicolae_sub_coc_subbean,
          nicolae_sub_coc_subbean, nicolae_sub_coc_subbean,
          nicolae_sub_coc_subbean], layout_ice_bergs
Coc:5:    nicolae_coc_on_the_berg
Coc:6:    layout_cocytus_water_paths
Coc:7:    coc_mu
Zot:1:    layout_onion, nicolae_diode_intersection
Zot:2:    grunt_twist_and_shout, layout_concentric_octagons, grunt_ministairs_15
Zot:3:    layout_misc_corridors

Skill      XL: |  1  2  3  4  5  6  7  8  9 10 11 12 13 14 15 16 17 18 19 20 21 22 23 24 25 26 27 |
---------------+----------------------------------------------------------------------------------+-----
Spellcasting   | 3 4 5 6 7 8 9 10 11 12 13 14 15 16 17 18 19 20 24 | 24.4
Dodging        | 2 4 5 6 7 8 10 11 12 13 14 15 16 17 18 21 | 21.4
Air Magic      | 3 4 6 7 9 11 12 14 15 16 17 | 17.5
Fighting       | 2 3 5 6 8 9 10 11 12 13 14 15 16 17 18 19 20 25 | 25.5
Shields        | 2 3 5 6 7 8 10 14 | 14.6
Transmutations | 2 6 9 11 12 14 15 16 18 19 | 19.1
Unarmed Combat | 1 4 6 7 8 10 11 12 13 14 15 16 19 | 19.1
Translocations | 2 5 7 8 9 11 | 11.3
Evocations     | 4 7 9 14 | 14.5
Necromancy     | 5 |  5.8
Stealth        | |  1.7
Conjurations   | |  1.0

Action                   |  1- 3 |  4- 6 |  7- 9 | 10-12 | 13-15 | 16-18 | 19-21 | 22-24 | 25-27 || total
-------------------------+-------+-------+-------+-------+-------+-------+-------+-------+-------++-------
Melee: Unarmed           |    19 |       |       |       |       |   691 |   821 |  1409 |  3564 ||  6504
       Whip              |     2 |    26 |       |       |       |       |       |       |       ||    28
       Dagger            |       |     8 |     3 |    10 |     6 |    22 |    20 |    50 |   104 ||   223
       Punch             |       |     1 |       |       |       |    41 |    95 |    79 |    88 ||   304
       Headbutt          |       |       |       |       |       |       |       |       |     2 ||     2
       Kick              |       |       |       |       |       |       |       |       |    51 ||    51
 Cast: Shock             |    93 |   129 |    20 |       |       |       |     1 |       |       ||   243
       Static Discharge  |     3 |    18 |    27 |    31 |    17 |     5 |       |       |       ||   101
       Airstrike         |       |       |    90 |   343 |   552 |   265 |     5 |       |       ||  1255
       Swiftness         |       |       |       |     1 |     1 |       |       |     2 |       ||     4
       Summon Lightning  |       |       |       |       |    49 |   113 |    75 |    29 |     1 ||   267
       Storm Form        |       |       |       |       |       |    75 |    54 |    97 |   201 ||   427
       Manifold Assault  |       |       |       |       |       |       |       |   327 |  1486 ||  1813
       Apportation       |       |       |       |       |       |       |       |    85 |   425 ||   510
       Statue Form       |       |       |       |       |       |       |       |       |    30 ||    30
       Wereblood         |       |       |       |       |       |       |       |       |     7 ||     7
       Maxwell's Capacit |       |       |       |       |       |       |       |       |    10 ||    10
       Blink             |       |       |       |       |       |       |       |       |     8 ||     8
       Passwall          |       |       |       |       |       |       |       |       |     7 ||     7
       Conjure Ball Ligh |       |       |       |       |       |       |       |       |     2 ||     2
Invok: Potion Petition   |       |       |       |     1 |       |       |     1 |    10 |    32 ||    44
       Call Merchant     |       |       |       |       |       |     3 |     2 |     2 |     1 ||     8
 Abil: Blinkbolt         |       |       |       |       |       |    27 |    24 |    18 |    24 ||    93
       End Transformatio |       |       |       |       |       |       |       |       |     4 ||     4
Evoke: Wand              |       |       |       |     1 |     7 |       |     1 |       |       ||     9
       Condenser vane    |       |       |       |       |       |       |       |       |     9 ||     9
       Phantom mirror    |       |       |       |       |       |       |       |       |     7 ||     7
       Box of beasts     |       |       |       |       |       |       |       |       |     5 ||     5
       Tin of tremorston |       |       |       |       |       |       |       |       |     1 ||     1
  Use: Potion            |     3 |     2 |       |     6 |     5 |     2 |       |     5 |    15 ||    38
       Scroll            |       |       |       |    19 |     6 |    12 |       |    10 |    31 ||    78
 Stab: Distracted        |       |     1 |       |       |       |    11 |    14 |    13 |    14 ||    53
       Sleeping          |       |       |       |       |       |     2 |       |       |     1 ||     3
       Invisible         |       |       |       |       |       |       |    10 |       |     1 ||    11
Armor: Robe              |     4 |     8 |     6 |    10 |    17 |    19 |     5 |     8 |     9 ||    86
       Skin              |       |       |       |       |     9 |   206 |   149 |   206 |   499 ||  1069
Dodge: Dodged            |    21 |    43 |    23 |    84 |   109 |  1058 |   766 |  1328 |  2522 ||  5954
       Repelled          |       |       |       |       |       |       |     1 |     1 |    21 ||    23
Block: Other             |       |       |       |    18 |    34 |   200 |   168 |     2 |    30 ||   452
       Reflection        |       |       |       |     2 |     2 |     5 |    13 |       |     1 ||    23
       Kite shield       |       |       |       |       |       |       |       |       |   499 ||   499
